 Dungeon Crawl Stone Soup version 0.23.0 (webtiles) character file.

Game seed: 15271558066296474825

677214 Infinimo the Merry Centaur (level 27, -5/285 HPs)
             Began as a Centaur Hunter on Feb 16, 2019.
             Was the Champion of Okawaru.
             Slain by an Orb Guardian (17 damage)
             ... on level 5 of the Realm of Zot.
             The game lasted 02:21:42 (81863 turns).

Infinimo the Merry Centaur (Centaur Hunter)        Turns: 81863, Time: 02:21:43

Health: -5/285     AC: 26    Str: 23 (25) XL:     27
Magic:  0/41       EV: 30    Int: 11 (12) God:    Okawaru [******]
Gold:   5750       SH:  0    Dex: 21 (23) Spells: 55/55 levels left

rFire    + + .     SeeInvis +   K - +9 longbow (velocity)
rCold    + . .     Gourm    .   (shield currently unavailable)
rNeg     + + .     Faith    .   V - +9 ring mail of Uta Zuf {rPois rCorr Str+4 Dex+3}
rPois    +         Spirit   +   (helmet restricted)
rElec    .         Reflect  .   I - scarf {Spirit}
rCorr    +         Harm     .   m - +0 pair of gloves "Engoz" {Regen+}
MR       ++...                  T - +1 centaur barding of an ossuary {rPois rF++ rN+ Str-2}
Stlth    ++........             p - amulet of Vitality {Regen+ HP+15}
HPRegen  1.37/turn              X - ring of the Skies Above {rC+ rN+ Str+5 Stlth+}
MPRegen  0.27/turn              k - +6 ring of evasion

@: about to teleport, marked, studying 2 skills, very quick
A: large, antennae 1, hooves 3, slimy green scales 1, see invisible, clever 1,
deformed body, speed 2, tough skin 3, evolution 1
}: 3/15 runes: barnacled, silver, gossamer
a: Heroism, Finesse, Renounce Religion


You were on level 5 of the Realm of Zot.
You worshipped Okawaru.
Okawaru was exalted by your worship.
You were hungry.

You visited 11 branches of the dungeon, and saw 53 of its levels.
You visited the Abyss 1 time.
You also visited: Ice Cave.

You collected 7762 gold pieces.
You spent 2012 gold pieces at shops.

Inventory:

Hand Weapons
 K - a +9 longbow of velocity (weapon)
Missiles
 d - 585 arrows (quivered)
Armour
 l - the +1 centaur barding "Hacw" {rCorr Int+4 Slay+3 Stlth+}
   (Okawaru gifted it to you on level 4 of the Shoals)

   It affects your intelligence (+4).
   It affects your accuracy and damage with ranged weapons and melee attacks
   (+3).
   It provides partial protection from all sources of acid and corrosion.
   It makes you more stealthy.
 m - the +0 pair of gloves "Engoz" (worn) {Regen+}
   (You acquired it on level 5 of the Vaults)

   It increases your rate of regeneration.
 E - a +2 helmet of see invisible
 I - a scarf of spirit shield (worn)
 T - the +1 centaur barding of an ossuary (worn) {rPois rF++ rN+ Str-2}
   (You acquired it on level 1 of the Elven Halls)

   It affects your strength (-2).
   It greatly protects you from fire.
   It protects you from poison.
   It protects you from negative energy.
 V - the +9 ring mail of Uta Zuf (worn) {rPois rCorr Str+4 Dex+3}
   (You bought it in a shop on level 5 of the Dungeon)

   It affects your strength (+4).
   It affects your dexterity (+3).
   It protects you from poison.
   It provides partial protection from all sources of acid and corrosion.
Jewellery
 k - a +6 ring of evasion (right hand)
 p - the amulet of Vitality (around neck) {Regen+ HP+15}
   (You found it on level 4 of the Depths)

   [amulet of regeneration]

   It affects your health (+15).
   It increases your rate of regeneration.
 G - an uncursed ring of protection from fire
 X - the ring of the Skies Above (left hand) {rC+ rN+ Str+5 Stlth+}
   (You took it off a deep elf sorcerer on level 3 of the Elven Halls)

   [ring of stealth]

   It affects your strength (+5).
   It protects you from cold.
   It protects you from negative energy.
   It makes you more stealthy.
Wands
 x - a wand of digging (4)
Scrolls
 b - 8 scrolls of magic mapping
 c - 4 scrolls of enchant armour
 e - 2 scrolls of brand weapon
 n - 10 scrolls of amnesia
 u - 3 scrolls of enchant weapon
 v - 22 scrolls of teleportation
 y - 2 scrolls of silence
 z - 24 scrolls of remove curse
 D - 7 scrolls of fog
 F - 3 scrolls of identify
 H - 2 scrolls of summoning
 M - 6 scrolls of fear
 O - 5 scrolls of blinking
Potions
 a - 5 potions of cancellation
 g - 6 potions of brilliance
 h - 8 potions of flight
 j - 16 potions of curing
 o - 6 potions of haste
 q - 2 potions of invisibility
 r - 7 potions of lignification
 s - 5 potions of berserk rage
 t - 2 potions of magic
 w - 4 potions of agility
 B - 9 potions of might
 C - 2 potions of heal wounds
 L - 2 potions of ambrosia
 Q - 3 potions of mutation
 U - 2 potions of resistance
Books
 i - a manual of Axes
 Z - a manual of Unarmed Combat
Comestibles
 f - 97 rations


   Skills:
 + Level 26.4 Fighting
 O Level 27 Bows
 - Level 9.0 Armour
 + Level 21.5 Dodging
 - Level 0.4 Stealth
 - Level 14.8 Spellcasting
 * Level 15.8 Invocations


You had 55 spell levels left.
You didn't know any spells.
Your spell library contained the following spells:

 Spells                   Type           Power        Failure   Level  Hunger
 Animate Skeleton         Necr           N/A          12%         1    None
 Apportation              Tloc           #.....       12%         1    None
 Beastly Appendage        Tmut           #.....       12%         1    None
 Confusing Touch          Hex            #.....       12%         1    None
 Corona                   Hex            #......      12%         1    None
 Flame Tongue             Conj/Fire      #....        12%         1    None
 Freeze                   Ice            #...         12%         1    None
 Sting                    Conj/Pois      #...         12%         1    None
 Summon Small Mammal      Summ           #...         12%         1    None
 Blink                    Tloc           N/A          17%         2    None
 Call Imp                 Summ           #.......     17%         2    None
 Corpse Rot               Necr           N/A          17%         2    None
 Ensorcelled Hibernation  Hex/Ice        #.....       17%         2    None
 Passwall                 Tmut/Erth      #.......     17%         2    None
 Poisonous Vapours        Pois/Air       #.....       17%         2    None
 Shroud of Golubria       Chrm/Tloc      #.........   17%         2    None
 Sticks to Snakes         Tmut           #.......     17%         2    None
 Sublimation of Blood     Necr           #.........   17%         2    None
 Swiftness                Chrm/Air       #.......     17%         2    None
 Throw Frost              Conj/Ice       #.....       17%         2    None
 Call Canine Familiar     Summ           #.......     34%         3    None
 Confuse                  Hex            #.......     34%         3    None
 Conjure Flame            Conj/Fire      #.......     34%         3    None
 Dazzling Spray           Conj/Hex       #.....       34%         3    None
 Gell's Gravitas          Tloc           #.........   34%         3    None
 Ignite Poison            Fire/Tmut/Pois #.......     34%         3    None
 Mephitic Cloud           Conj/Pois/Air  #.......     34%         3    None
 Ozocubu's Armour         Chrm/Ice       #.......     34%         3    None
 Portal Projectile        Hex/Tloc       #.....       34%         3    None
 Recall                   Summ/Tloc      N/A          34%         3    None
 Regeneration             Chrm/Necr      #.........   34%         3    None
 Spider Form              Tmut/Pois      #.........   34%         3    None
 Summon Guardian Golem    Hex/Summ       #.......     34%         3    None
 Teleport Other           Tloc           #.......     34%         3    None
 Tukima's Dance           Hex            #.......     34%         3    None
 Animate Dead             Necr           N/A          75%         4    ###....
 Cause Fear               Hex            #.........   75%         4    ###....
 Ice Form                 Ice/Tmut       #.......     75%         4    ###....
 Olgreb's Toxic Radiance  Pois           #.......     75%         4    ###....
 Passage of Golubria      Tloc           N/A          75%         4    ###....
 Petrify                  Tmut/Erth      #.......     75%         4    ###....
 Sticky Flame             Conj/Fire      #.......     75%         4    ###....
 Summon Ice Beast         Ice/Summ       #.......     75%         4    ###....
 Summon Lightning Spire   Summ/Air       #.......     75%         4    ###....
 Throw Icicle             Conj/Ice       #.......     75%         4    ###....
 Agony                    Necr           #.......     97%         5    #####..
 Blade Hands              Tmut           #.........   97%         5    #####..
 Bolt of Draining         Conj/Necr      #.........   97%         5    #####..
 Bolt of Magma            Conj/Fire/Erth #.........   97%         5    #####..
 Borgnjor's Vile Clutch   Necr/Erth      #.........   97%         5    #####..
 Dispel Undead            Necr           #.......     97%         5    #####..
 Excruciating Wounds      Chrm/Necr      #.........   97%         5    #####..
 Fireball                 Conj/Fire      #.........   97%         5    #####..
 Iskenderun's Battlesphe  Conj/Chrm      #.......     97%         5    #####..
 Lee's Rapid Deconstruct  Erth           #.........   97%         5    #####..
 Metabolic Englaciation   Hex/Ice        #.........   97%         5    #####..
 Silence                  Hex/Air        #.........   97%         5    #####..
 Venom Bolt               Conj/Pois      #.........   97%         5    #####..
 Yara's Violent Unravell  Hex/Tmut       #.........   97%         5    #####..
 Bolt of Fire             Conj/Fire      #.........   100%        6    ######.
 Conjure Ball Lightning   Conj/Air       #.........   100%        6    ######.
 Darkness                 Hex            #.........   100%        6    ######.
 Death Channel            Necr           #.........   100%        6    ######.
 Deflect Missiles         Chrm/Air       #.........   100%        6    ######.
 Freezing Cloud           Conj/Ice/Air   #.........   100%        6    ######.
 Invisibility             Hex            #.......     100%        6    ######.
 Iron Shot                Conj/Erth      #.........   100%        6    ######.
 Shadow Creatures         Summ           N/A          100%        6    ######.
 Simulacrum               Ice/Necr       #.........   100%        6    ######.
 Dragon Form              Tmut           #.........   100%        7    #######
 Malign Gateway           Summ/Tloc      #.........   100%        7    #######
 Orb of Destruction       Conj           #.........   100%        7    #######
 Ring of Flames           Chrm/Fire      #.........   100%        7    #######
 Spellforged Servitor     Conj/Summ      #.........   100%        7    #######
 Borgnjor's Revivificati  Necr           #.........   100%        8    #######
 Controlled Blink         Tloc           N/A          100%        8    #######
 Ignition                 Fire           #.........   100%        8    #######
 Dragon's Call            Summ           #.........   100%        9    #######
 Tornado                  Air            #.........   100%        9    #######


Dungeon Overview and Level Annotations

Branches:
Dungeon (15/15)            Temple (1/1) D:4            Lair (6/6) D:10
 Shoals (4/4) Lair:2       Spider (4/4) Lair:4        Slime (0/5) Lair:6
    Orc (2/2) D:12            Elf (3/3) Orc:2        Vaults (5/5) D:14
  Crypt (3/3) Vaults:3       Tomb (0/3) Crypt:3      Depths (5/5) D:15
    Zot (5/5) Depths:5

Altars:
Ashenzari
Cheibriados
Dithmenos
Elyvilon
Fedhas
Gozag
Hepliaklqana
Kikubaaqudgha
Makhleb
Nemelex Xobeh
Okawaru
Qazlal
Ru
Sif Muna
Trog
Uskayaw
Vehumet
Wu Jian
Xom
Yredelemnul
Zin
The Shining One
Beogh

Shops:
D:5 [   D:13 %   Orc:2 %(!*(:   Elf:1 ?   Elf:3 *[*   Vaults:4 *   Depths:1 *

Portals:
Hell: Lair:6 Depths:1 Depths:4 Depths:5
Abyss: Depths:4 Depths:5
Pandemonium: Orc:2 Depths:3 Depths:4
Ziggurat: Depths:3

Annotations:
Lair:1 exclusion: oklob plant
Depths:5 the Enchantress
Zot:1 2 transporters, Decrayps's ghost, veteran FeEn


Innate Abilities, Weirdness & Mutations

You have hooves in place of feet.
Armour fits poorly on your strangely shaped body.
You cover ground very quickly.
You have extremely tough skin. (AC +3)
You have a pair of small antennae on your head.
You are partially covered in slimy green scales. (AC +2)
You have supernaturally acute eyesight. (SInv)
Your mind is acute. (Int +2)
You evolve.


Message History

You feel much better.
The Orb Guardian disappears!
The Orb Guardian hits you!!
* * * LOW HITPOINT WARNING * * *
The Killer Klown blinks!
The Orb Guardian hits you!!
* * * LOW HITPOINT WARNING * * *
The electric golem blinks!
Unknown command.
You feel much better. The Orb Guardian hits you!
* * * LOW HITPOINT WARNING * * *
The electric golem crackles and sizzles.
The Orb Guardian disappears!
You feel much better. The Orb Guardian hits you!!
* * * LOW HITPOINT WARNING * * *
The Killer Klown blinks!
The Orb Guardian hits you!!
* * * LOW HITPOINT WARNING * * *
The Orb Guardian disappears!
The electric golem crackles and sizzles.
The Orb Guardian hits you!
* * * LOW HITPOINT WARNING * * *
The Orb Guardian hits you!!
You die...

...........## #.......(.........
...........# #.^....(.(........
...........## #..............(..
............# #...^..........(..
..........p.## #........(.((....p
............§###.......(.....^...
###########...###.......((.......
# ##^.dX##[§....)((......
###XX@XXX8§..(.(....$.
#▓▓▓▓▓▓▓▓▓▓▓##(....▓ { { ......
..... ...(. .... .^..


You could see a Killer Klown, an electric golem, a yellow draconian and 6 Orb
Guardians.

Vanquished Creatures
  Khufu (Crypt:3)
  4 orbs of fire
  Mennas (Vaults:3)
  4 greater mummies
  5 ancient liches
  6 Killer Klowns (Zot:5)
  Frederick (Vaults:3)
  Margery (Depths:3)
  A curse toe (Zot:2)
  Saint Roka (Depths:5)
  3 caustic shrikes (Depths:5)
  Jory (Crypt:3)
  A golden dragon (Zot:4)
  2 bone dragons (Depths:5)
  An electric golem (Zot:4)
  Arachne (Spider:3)
  Rupert (Lair:2)
  23 tentacled monstrosities
  13 Orb Guardians (Zot:5)
  4 quicksilver dragons
  3 liches
  2 deep elf blademasters
  2 titans
  A deep elf master archer (Elf:3)
  Asterion (Elf:2)
  2 krakens
  5 sphinxes
  2 tentacled starspawn (Abyss:2)
  2 ancient champions
  3 death cobs
  5 tengu reavers
  Kirke (D:14)
  6 shadow dragons
  10 storm dragons
  Ilsuiw (Shoals:2)
  Donald (Elf:2)
  6 draconian monks
  8 ghost moths
  11 fire giants
  9 frost giants
  13 vault wardens
  Louise (Lair:2)
  4 draconian knights
  3 orc warlords
  9 draconian scorchers
  A balrug (Depths:4)
  9 deep elf sorcerers
  12 draconian stormcallers
  6 emperor scorpions
  A spectral caustic shrike (Depths:5)
  4 deep elf elementalists (Elf:3)
  6 draconian shifters
  2 curse skulls
  18 ironheart preservers
  The ghost of Beacw the Swashbuckler, an adept VSGl of Uskayaw (Depths:5)
  4 ghouls
  3 spriggan defenders (Depths:5)
  7 draconian annihilators
  37 very ugly things
  A war gargoyle (Depths:2)
  10 black draconians
  6 entropy weavers
  8 deep elf demonologists
  A spectral titan (Depths:5)
  18 vampire knights
  17 green draconians
  20 stone giants
  The ghost of Grim the Destroyer, a journeyman DEAE of Vehumet (D:12)
  A lorocyproca (Depths:3)
  12 purple draconians
  6 white draconians
  2 dire elephants (Lair:6)
  13 deep elf annihilators
  13 yellow draconians
  3 spark wasps
  20 red draconians
  7 merfolk javelineers
  4 crystal guardians (Depths:2)
  7 jiangshi
  13 ettins
  Snorg (Lair:4)
  7 deep elf death magi
  5 mummy priests (Depths:4)
  4 eidola
  13 merfolk impalers
  A spectral golden dragon (Depths:5)
  5 great orbs of eyes
  6 rakshasas
  10 deep elf high priests
  19 yaktaur captains
  Josephine (Orc:2)
  8 fire dragons
  Harold (Lair:1)
  6 spriggan air magi (Depths:1)
  32 vault guards
  6 ice dragons
  An anaconda (shapeshifter) (Depths:2)
  13 centaur warriors
  A spectral shadow dragon (Depths:5)
  A catoblepas (Lair:6)
  9 hydras
  A merfolk avatar (Shoals:4)
  A satyr (Shoals:4)
  29 two-headed ogres
  32 dancing weapons
  2 alligator snapping turtles (Shoals:4)
  8 death knights
  14 ogre magi
  12 vampire magi
  17 deep troll earth magi
  5 merfolk aquamancers
  5 deep troll shamans
  4 tengu warriors
  A titan zombie (Crypt:1)
  A spectral spriggan (Depths:5)
  A spriggan berserker (Depths:4)
  34 hell knights
  9 orc high priests
  Urug (Lair:3)
  24 deep elf knights
  A spectral storm dragon (Depths:5)
  3 spectral elves (Depths:5)
  Sonja (Lair:1)
  4 soul eaters
  2 sun demons (Depths:4)
  2 storm dragon zombies (Crypt:3)
  A sixfirhy (Lair:6)
  A titan skeleton (Crypt:3)
  3 spatial maelstroms
  A fire crab (Lair:6)
  2 fire crabs (shapeshifter)
  3 shadow wraiths
  An unseen horror (shapeshifter) (Vaults:1)
  A wretched star (Abyss:2)
  A salamander mystic (Depths:1)
  16 skeletal warriors
  27 deep trolls
  A deep troll (shapeshifter) (Vaults:4)
  16 sea snakes
  6 wizards
  A glowing orange brain (shapeshifter) (Depths:2)
  4 glowing orange brains
  5 flayed ghosts
  18 ironbrand convokers
  2 tengu zombies
  11 deep elf archers
  26 harpies
  14 phantasmal warriors
  33 orc knights
  35 wolf spiders
  20 orb spiders
  Pikel (D:4)
  15 necromancers
  79 deep elf magi
  A wolf spider zombie (Crypt:3)
  2 frost giant zombies
  39 ugly things
  4 oklob plants
  3 salamanders (Depths:1)
  A dire elephant zombie (Crypt:2)
  10 orc sorcerers
  A fire giant skeleton (Vaults:3)
  9 manticores
  A sphinx skeleton (Vaults:4)
  A worldbinder (Abyss:2)
  6 fire giant zombies
  A stone giant zombie (Vaults:3)
  A centaur zombie (D:13)
  5 cyclopes
  An iron dragon skeleton (Abyss:2)
  14 fauns
  A frost giant skeleton (Crypt:1)
  9 merfolk sirens
  16 vault sentinels
  A titan simulacrum (Depths:5)
  30 moths of wrath
  6 water nymphs
  2 smoke demons
  3 orange demons
  3 torpor snails
  2 elephants (shapeshifter)
  A black mamba (Lair:6)
  A molten gargoyle (Depths:2)
  A water nymph (shapeshifter) (Vaults:5)
  2 stone giant skeletons
  2 rust devils (Orc:2)
  A storm dragon simulacrum (Depths:5)
  2 gargoyles (Depths:2)
  16 spiny frogs
  A kobold demonologist (D:15)
  4 human zombies
  5 rime drakes
  18 freezing wraiths
  5 komodo dragons
  An efreet (Zot:1)
  2 alligator snapping turtle skeletons
  2 tengu conjurers (D:14)
  A golden dragon simulacrum (Crypt:1)
  9 hellwings
  5 ice devils
  51 yaktaurs
  A black draconian skeleton (Crypt:1)
  11 demonic crawlers
  A guardian mummy (Depths:4)
  31 merfolk
  5 red devils
  38 jumping spiders
  2 ancient zymes (Abyss:2)
  A wind drake (shapeshifter) (Depths:3)
  A polar bear (Lair:6)
  6 trolls
  23 hornets
  2 hydra skeletons
  8 tyrant leeches (Lair:6)
  A jumping spider zombie (Crypt:2)
  2 slime creatures (shapeshifter) (Vaults:5)
  5 wind drakes
  2 hornets (shapeshifter)
  2 guardian serpent zombies
  8 snapping turtles
  Grinder (D:3)
  4 raiju
  6 blink frogs (Lair:3)
  Prince Ribbit (D:5)
  2 raiju (shapeshifter)
  11 slime creatures (Vaults:1)
  2 iron dragon simulacra (Crypt:1)
  An ice dragon zombie (Crypt:2)
  13 hippogriffs
  A fire giant simulacrum (Vaults:3)
  A fire dragon zombie (Crypt:3)
  3 ettin zombies
  A flying skull (Abyss:2)
  A hippogriff (shapeshifter) (Depths:5)
  3 human simulacra
  3 ice dragon skeletons
  33 tarantellas
  2 starcursed masses (Elf:1)
  6 shadows
  11 water elementals
  8 air elementals
  An ettin skeleton (Vaults:2)
  48 yaks
  76 redbacks
  8 wyverns
  A fire dragon skeleton (Crypt:1)
  A ynoxinul (Depths:3)
  5 hogs (D:14)
  21 vampires
  8 wraiths
  26 fire elementals
  A human (shapeshifter) (Vaults:2)
  7 humans (D:14)
  2 hungry ghosts
  A basilisk (shapeshifter) (Vaults:4)
  A neqoxec (Orc:2)
  A yaktaur simulacrum (Vaults:3)
  4 large abominations
  Edmund (D:5)
  A wind drake skeleton (Crypt:1)
  9 spatial vortices
  13 wargs
  A deep troll zombie (Vaults:2)
  6 swamp worms (Lair:6)
  A torturous demonspawn zombie (Crypt:3)
  2 nagas (Depths:1)
  A two-headed ogre zombie (Crypt:3)
  A monstrous demonspawn zombie (Crypt:1)
  3 acid dragons
  14 hell hounds
  8 water moccasins
  11 porcupines
  A merfolk skeleton (Crypt:3)
  A deep troll skeleton (Vaults:4)
  86 orc warriors
  A sky beast (D:15)
  An alligator simulacrum (Crypt:1)
  2 hornet zombies (D:12)
  A black bear (D:6)
  An eye of draining (D:12)
  9 ice beasts
  A fire dragon simulacrum (Crypt:1)
  3 phantoms
  A slave (D:4)
  5 small abominations
  31 ogres
  5 wolves
  2 necrophages (Crypt:3)
  A snapping turtle skeleton (Crypt:1)
  An elephant skeleton (Crypt:1)
  An orc skeleton (Vaults:2)
  A hog skeleton (Crypt:1)
  2 human skeletons (Vaults:4)
  23 centaurs
  20 crocodiles
  Blork the orc (D:5)
  5 big kobolds
  6 earth elementals
  3 gnoll sergeants
  14 bullfrogs
  4 scorpions
  A wyvern skeleton (D:9)
  A yak zombie (Crypt:3)
  A spriggan zombie (Crypt:3)
  5 killer bees
  4 wights (D:6)
  2 electric eels (Spider:4)
  5 howler monkeys (D:13)
  9 crimson imps
  2 bullfrog zombies
  2 quasits
  7 jellies
  37 orc priests
  9 hounds
  A black bear zombie (Crypt:2)
  4 centaur skeletons
  A gnoll shaman (D:8)
  5 bullfrog skeletons
  Jessica (D:2)
  10 worker ants
  Ijyb (D:5)
  2 basilisk skeletons
  2 iguanas
  32 orc wizards
  3 hell rats (Lair:4)
  A killer bee zombie (D:8)
  An ogre zombie (Crypt:1)
  A big kobold skeleton (Crypt:2)
  A deep dwarf skeleton (Crypt:2)
  A hound zombie (D:8)
  2 hound skeletons
  3 mummies
  A howler monkey zombie (Crypt:1)
  A worker ant zombie (D:9)
  Robin (D:3)
  9 gnolls
  6 river rats (Lair:4)
  11 adders
  3 shadow imps
  A white imp (Abyss:2)
  5 oozes (D:8)
  An adder zombie (D:5)
  An adder skeleton (D:8)
  11 worms
  3 dart slugs
  4 leopard geckos
  160 orcs
  2 bat skeletons
  3 giant cockroaches
  22 goblins
  15 hobgoblins
  2 jackals (D:3)
  3 quokkas
  A ball python (D:3)
  2 ball python skeletons (D:4)
  3 bats (D:3)
  6 frilled lizards
  A frilled lizard zombie (Crypt:2)
  A jackal skeleton (D:6)
  A jackal zombie (D:6)
  31 kobolds
  A leopard gecko skeleton (D:5)
  A leopard gecko zombie (D:8)
  15 rats
  3 crawling corpses (Elf:3)
  4 starspawn tentacles (Abyss:2)
  A tentacle (Shoals:2)
2765 creatures vanquished.

Vanquished Creatures (others)
  A draconian knight (Zot:2)
  A draconian stormcaller (Zot:1)
  A deep elf knight (Elf:2)
  A shadow wraith (Vaults:1)
  A deep elf archer (Vaults:4)
  A human (D:14)
  An orc wizard (D:5)
  3 gnolls (D:4)
  An adder (D:2)
  A kobold (D:2)
  A ball python (D:2)
  7 fungi
  14 plants
  4 starspawn tentacles (Abyss:2)
  16 tentacles
54 creatures vanquished.

Grand Total: 2819 creatures vanquished

Notes
Turn   | Place    | Note
-------+----------+-------------------------------------------
     0 | D:1      | Infinimo the Centaur Hunter began the quest for the Orb.
     0 | D:1      | Reached XP level 1. HP: 17/17 MP: 1/1
   924 | D:1      | Reached XP level 2. HP: 24/24 MP: 2/2
  1234 | D:1      | Reached skill level 6 in Bows
  1709 | D:2      | Reached XP level 3. HP: 30/30 MP: 3/3
  2318 | D:2      | Found a sparkling altar of Nemelex Xobeh.
  3004 | D:2      | Found a radiant altar of Vehumet.
  3036 | D:2      | Noticed Jessica
  3050 | D:2      | Killed Jessica
  3050 | D:2      | Reached skill level 7 in Bows
  3050 | D:2      | Reached XP level 4. HP: 22/38 MP: 4/4
  3546 | D:3      | Found a hide-covered altar of Uskayaw.
  3852 | D:3      | Reached XP level 5. HP: 30/45 MP: 5/5
  4055 | D:3      | Noticed Robin
  4068 | D:3      | Killed Robin
  4217 | D:3      | Reached skill level 8 in Bows
  4287 | D:3      | Noticed Grinder
  4292 | D:3      | Killed Grinder
  4292 | D:3      | Reached skill level 9 in Bows
  4292 | D:3      | Reached XP level 6. HP: 47/53 MP: 6/6
  4901 | D:4      | Reached XP level 7. HP: 54/60 MP: 7/7
  4976 | D:4      | Noticed Pikel
  4991 | D:4      | Killed Pikel
  4991 | D:4      | Reached skill level 5 in Fighting
  4991 | D:4      | Reached skill level 10 in Bows
  5001 | D:4      | Reached skill level 11 in Bows
  5398 | D:4      | Reached XP level 8. HP: 69/69 MP: 8/8
  5404 | D:4      | Found a staircase to the Ecumenical Temple.
  5429 | Temple   | Entered the Ecumenical Temple
  5626 | Temple   | Became a worshipper of Warmaster Okawaru
  5969 | D:5      | Entered Level 5 of the Dungeon
  6031 | D:5      | Noticed Blork the orc
  6054 | D:5      | Killed Blork the orc
  6054 | D:5      | Reached skill level 12 in Bows
  6171 | D:5      | Noticed Prince Ribbit
  6180 | D:5      | Killed Prince Ribbit
  6180 | D:5      | Reached * piety under Okawaru
  6501 | D:5      | Noticed Edmund
  6502 | D:5      | Noticed Ijyb
  6505 | D:5      | Identified the +4 hunting sling of a wizard's laboratory
                  | {venom, *Contam Dex+5}
  6513 | D:5      | Killed Ijyb
  6572 | D:5      | Killed Edmund
  6572 | D:5      | Reached skill level 13 in Bows
  6795 | D:5      | Found Zeusch's Armour Shop.
  7034 | D:5      | Found a bloodstained altar of Trog.
  7131 | D:6      | Reached XP level 9. HP: 13/79 MP: 9/9
  8028 | D:6      | Noticed a two-headed ogre
  8054 | D:6      | Killed a two-headed ogre
  8054 | D:6      | Reached ** piety under Okawaru
  8054 | D:6      | Reached skill level 14 in Bows
  8461 | D:6      | Found a blossoming altar of Fedhas.
  8791 | D:7      | Reached skill level 15 in Bows
  8991 | D:7      | Found a shadowy altar of Dithmenos.
  9041 | D:7      | Reached *** piety under Okawaru
  9531 | D:7      | Reached XP level 10. HP: 36/90 MP: 10/10
  9839 | D:7      | HP: 3/90 [wyvern (9)]
 10345 | D:8      | HP: 3/90 [hound (6)]
 11294 | D:8      | Reached skill level 16 in Bows
 12148 | D:8      | Received a gift from Okawaru
 12188 | D:8      | Reached **** piety under Okawaru
 13258 | D:9      | Found a sacrificial altar of Ru.
 13326 | D:9      | Reached skill level 1 in Armour
 13446 | D:9      | Found a white marble altar of Elyvilon.
 13506 | D:9      | Reached skill level 17 in Bows
 13758 | D:10     | Entered Level 10 of the Dungeon
 13834 | D:10     | Reached XP level 11. HP: 85/99 MP: 11/11
 13905 | D:10     | Found a staircase to the Lair.
 14614 | Lair:1   | Entered Level 1 of the Lair of Beasts
 14672 | Lair:1   | Received a gift from Okawaru
 14693 | Lair:1   | Reached skill level 10 in Fighting
 14808 | Lair:1   | Noticed Harold
 14811 | Lair:1   | Noticed a four-headed hydra
 14883 | Lair:1   | Killed a four-headed hydra
 14883 | Lair:1   | Received a gift from Okawaru
 15269 | Lair:1   | Noticed an oklob plant
 15349 | Lair:1   | Killed Harold
 15349 | Lair:1   | Reached ***** piety under Okawaru
 15829 | Lair:1   | Received a gift from Okawaru
 16255 | Lair:1   | Received a gift from Okawaru
 16373 | Lair:1   | Noticed Sonja
 16403 | Lair:1   | Killed Sonja
 16403 | Lair:1   | Reached skill level 18 in Bows
 17010 | Lair:1   | Received a gift from Okawaru
 17785 | Lair:2   | Found a staircase to the Shoals.
 17977 | Lair:2   | Received a gift from Okawaru
 18562 | Lair:1   | Reached XP level 12. HP: 59/108 MP: 12/12
 18796 | Lair:2   | Noticed a seven-headed hydra
 18804 | Lair:2   | Killed a seven-headed hydra
 19149 | Lair:3   | Noticed Rupert
 19660 | Lair:3   | Found a frozen archway.
 19763 | IceCv    | Entered an ice cave
 21008 | Lair:3   | Reached skill level 19 in Bows
 21101 | Lair:3   | Noticed a six-headed hydra
 21774 | Lair:3   | Noticed Urug
 21829 | Lair:3   | Killed Urug
 22220 | Lair:3   | Killed a six-headed hydra
 22220 | Lair:3   | Reached skill level 5 in Dodging
 22364 | Lair:3   | Noticed a seven-headed hydra
 22470 | Lair:3   | Killed a seven-headed hydra
 22470 | Lair:3   | Received a gift from Okawaru
 22990 | Lair:4   | Found a hole to the Spider Nest.
 23047 | Lair:4   | Reached skill level 5 in Armour
 23152 | Lair:4   | Noticed Snorg
 23188 | Lair:4   | Killed Snorg
 23829 | Lair:4   | Noticed a four-headed hydra
 23835 | Lair:4   | Killed a four-headed hydra
 23835 | Lair:4   | Reached XP level 13. HP: 116/116 MP: 13/13
 24623 | Lair:5   | Received a gift from Okawaru
 25130 | Lair:5   | Reached skill level 20 in Bows
 25259 | Lair:6   | Entered Level 6 of the Lair of Beasts
 25356 | Lair:6   | Reached ****** piety under Okawaru
 25443 | Lair:6   | Found a staircase to the Slime Pits.
 25478 | Lair:6   | Received a gift from Okawaru
 25481 | Lair:6   | Got a bloodstained shortbow {god gift}
 25488 | Lair:6   | Identified the +1 shortbow of Traps {freeze, *Slow +Blink
                  | SInv Stlth+} (Okawaru gifted it to you on level 6 of the
                  | Lair of Beasts)
 26034 | Lair:6   | Noticed a dire elephant
 26053 | Lair:6   | Killed a dire elephant
 26059 | Lair:6   | Received a gift from Okawaru
 26198 | Lair:6   | Noticed a dire elephant
 26222 | Lair:6   | Killed a dire elephant
 26222 | Lair:6   | Received a gift from Okawaru
 26301 | Lair:6   | Found a burning altar of Makhleb.
 26316 | Lair:6   | Reached skill level 21 in Bows
 26328 | Lair:6   | Received a gift from Okawaru
 26337 | Lair:6   | Reached XP level 14. HP: 87/127 MP: 14/14
 26506 | Lair:6   | Found a gateway to Hell.
 28596 | D:12     | Found a runed translucent gate.
 28596 | D:12     | Found a runed translucent gate.
 28596 | D:12     | Found a runed translucent gate.
 28598 | D:12     | Noticed Grim's ghost (journeyman DEAE)
 28717 | D:12     | Found a staircase to the Orcish Mines.
 28880 | D:12     | Received a gift from Okawaru
 29046 | D:12     | Killed Grim's ghost
 29148 | D:12     | Got a translucent ring mail
 29159 | D:12     | Identified the cursed +1 ring mail of Generosity {MR+} (You
                  | found it on level 12 of the Dungeon)
 29302 | D:5      | Bought the +9 ring mail of Uta Zuf {rPois rCorr Str+4
                  | Dex+3} for 966 gold pieces
 29772 | D:11     | Received a gift from Okawaru
 29947 | D:13     | Reached skill level 22 in Bows
 30006 | D:13     | Received a gift from Okawaru
 30513 | D:13     | Found Coqaubb's Food Boutique.
 31209 | D:14     | Reached XP level 15. HP: 134/136 MP: 15/15
 31296 | D:14     | Found a gate to the Vaults.
 31508 | D:14     | Noticed Kirke
 31520 | D:14     | Killed Kirke
 32148 | D:15     | Entered Level 15 of the Dungeon
 32219 | D:15     | Received a gift from Okawaru
 32349 | D:15     | Found a sacrificial altar of Ru.
 32382 | D:15     | Received a gift from Okawaru
 32629 | D:15     | Received a gift from Okawaru
 33276 | D:15     | Found a staircase to the Depths.
 33453 | Orc:1    | Entered Level 1 of the Orcish Mines
 33477 | Orc:1    | Noticed an orc warlord
 33590 | D:12     | Killed an orc warlord
 34106 | Orc:2    | Entered Level 2 of the Orcish Mines
 34122 | Orc:2    | Found a staircase to the Elven Halls.
 34208 | Orc:2    | Reached skill level 23 in Bows
 34248 | Orc:2    | Found Foer's Antique Weapon Boutique.
 34256 | Orc:2    | Found Caedwauh's Food Shop.
 34324 | Orc:2    | Paralysed by an orc sorcerer for 3 turns
 34510 | Orc:2    | Reached skill level 10 in Dodging
 34537 | Orc:2    | Found Viahi's Distillery.
 34900 | Orc:2    | Found Tuev's General Store.
 34956 | Orc:2    | Bought a potion of heal wounds for 70 gold pieces
 34956 | Orc:2    | Bought a potion of heal wounds for 70 gold pieces
 34995 | Orc:2    | Paralysed by an orc sorcerer for 6 turns
 35096 | Orc:2    | Noticed Josephine
 35103 | Orc:2    | Killed Josephine
 35103 | Orc:2    | Received a gift from Okawaru
 35557 | Orc:2    | Paralysed by an orc sorcerer for 5 turns
 35719 | Orc:2    | Found Ysoptyre's Book Shop.
 35719 | Orc:2    | Found Siashe's Antique Weapon Boutique.
 35725 | Orc:2    | Found a one-way gate leading to the halls of Pandemonium.
 35980 | Shoals:1 | Entered Level 1 of the Shoals
 35980 | Shoals:1 | Noticed Louise
 36025 | Lair:2   | Killed Louise
 36025 | Lair:2   | Reached XP level 16. HP: 135/146 MP: 13/16
 36049 | Lair:2   | Paralysed by Rupert for 7 turns
 36058 | Lair:2   | Killed Rupert
 36261 | Shoals:1 | Noticed a kraken
 36462 | Shoals:1 | Received a gift from Okawaru
 36714 | Shoals:1 | Killed a kraken
 37016 | Shoals:1 | Received a gift from Okawaru
 37536 | Shoals:1 | Reached skill level 24 in Bows
 37706 | Shoals:2 | Found a stormy altar of Qazlal.
 38077 | Shoals:2 | Noticed a kraken
 38125 | Shoals:2 | Killed a kraken
 38326 | Shoals:2 | Noticed Ilsuiw
 38340 | Shoals:2 | Killed Ilsuiw
 39214 | Shoals:4 | Entered Level 4 of the Shoals
 39217 | Shoals:4 | Received a gift from Okawaru
 39477 | Shoals:4 | Reached skill level 15 in Fighting
 39822 | Shoals:4 | Reached XP level 17. HP: 156/156 MP: 17/17
 39835 | Shoals:4 | Reached skill level 25 in Bows
 40520 | Shoals:4 | Got a jewelled centaur barding {god gift}
 41032 | Shoals:4 | Received a gift from Okawaru
 41506 | Shoals:4 | Identified the +1 centaur barding "Hacw" {rCorr Int+4
                  | Slay+3 Stlth+} (Okawaru gifted it to you on level 4 of the
                  | Shoals)
 41895 | Shoals:4 | Identified the +6 spear of Gogaz {holy, rF+ rN+ MR+++
                  | Int-4}
 42254 | Shoals:4 | Got a barnacled rune of Zot
 42446 | Spider:1 | Entered Level 1 of the Spider Nest
 43057 | Spider:1 | Received a gift from Okawaru
 43060 | Spider:1 | Got a twisted ring mail {god gift}
 43068 | Spider:1 | Identified the +0 ring mail "Ugeet" {*Slow rN+ Str+5}
                  | (Okawaru gifted it to you on level 1 of the Spider Nest)
 43069 | Spider:1 | Identified the cursed +1 ring mail "Moatix" {Str+4} (You
                  | found it on level 1 of the Spider Nest)
 43602 | Spider:2 | Reached skill level 26 in Bows
 44105 | Spider:2 | Identified the +1 ring mail "Koatov" {MR+ Str+7 Dex+3} (You
                  | found it on level 2 of the Spider Nest)
 44215 | Spider:3 | Received a gift from Okawaru
 44251 | Spider:3 | Reached XP level 18. HP: 166/166 MP: 18/18
 44362 | Spider:3 | Received a gift from Okawaru
 44853 | Spider:4 | Entered Level 4 of the Spider Nest
 45139 | Spider:4 | Identified Sif Muna's Incunabulum of Flamy Transmutation
 45329 | Spider:4 | Received a gift from Okawaru
 45333 | Spider:4 | Got a brightly glowing longbow {god gift}
 45334 | Spider:4 | Identified the +7 longbow of the Wilderness {velocity, MR+
                  | Int+2} (Okawaru gifted it to you on level 4 of the Spider
                  | Nest)
 45498 | Spider:4 | Noticed Arachne
 45582 | Spider:3 | Killed Arachne
 45945 | Spider:4 | Reached skill level 27 in Bows
 46708 | Spider:4 | Got a gossamer rune of Zot
 47288 | Elf:1    | Entered Level 1 of the Elven Halls
 47295 | Elf:1    | Received a gift from Okawaru
 47406 | Elf:1    | Cast into level 2 of the Abyss (a deep elf demonologist)
 47839 | Abyss:3  | Found a corrupted altar of Lugonu.
 47881 | Elf:1    | Escaped the Abyss
 47948 | Elf:1    | Identified the Incunabulum of the Escort
 48010 | Elf:1    | Reached XP level 19. HP: 177/177 MP: 19/19
 48023 | Elf:1    | Received a gift from Okawaru
 48271 | Elf:1    | Found Ucaisir's Magic Scroll Shop.
 48335 | Elf:1    | Bought a scroll of acquirement for 780 gold pieces
 48339 | Elf:1    | Got a faintly glowing centaur barding
 48350 | Elf:1    | Identified the +1 centaur barding of an ossuary {rPois rF++
                  | rN+ Str-2} (You acquired it on level 1 of the Elven Halls)
 48734 | Elf:1    | Received a gift from Okawaru
 48746 | Elf:1    | Got a shimmering crystal plate armour {god gift}
 48760 | Elf:1    | Identified the +3 crystal plate armour of Okawaru's
                  | Benevolence {rC+ Dex+5} (Okawaru gifted it to you on level
                  | 1 of the Elven Halls)
 49063 | Elf:2    | Noticed Donald
 49339 | Elf:2    | Found a runed translucent gate.
 49340 | Elf:2    | Found a runed translucent gate.
 49501 | Elf:2    | Noticed Asterion
 49534 | Elf:2    | Killed Asterion
 49681 | Elf:2    | Identified Amegrarr's Compendium of Ice and Benedictions
 49754 | Elf:2    | Killed Donald
 49818 | Elf:2    | Found a runed translucent gate.
 50537 | Elf:3    | Entered Level 3 of the Elven Halls
 50594 | Elf:3    | Found Jinurrai's General Store.
 50599 | Elf:3    | Bought 2 scrolls of teleportation for 126 gold pieces
 50633 | Elf:3    | Received a gift from Okawaru
 51013 | Elf:3    | Found Rosog Rafo's General Store.
 51073 | Elf:3    | Found Iwnot's Antique Armour Emporium.
 51581 | Elf:3    | Reached skill level 15 in Dodging
 51613 | Elf:3    | Reached XP level 20. HP: 189/189 MP: 20/20
 51940 | Elf:3    | Identified the +3 plate armour "Lyikhul" {Stlth+}
 51941 | Elf:3    | Identified the ring of the Skies Above {rC+ rN+ Str+5
                  | Stlth+}
 52030 | Elf:3    | Received a gift from Okawaru
 52907 | Vaults:1 | Entered Level 1 of the Vaults
 53817 | Vaults:1 | Received a gift from Okawaru
 54149 | Vaults:1 | Reached skill level 1 in Spellcasting
 54154 | Vaults:1 | Received a gift from Okawaru
 54977 | Vaults:2 | Received a gift from Okawaru
 54997 | Vaults:2 | Identified the +4 plate armour of Hepliaklqana {+Fly} (You
                  | found it on level 2 of the Vaults)
 55685 | Vaults:2 | Reached XP level 21. HP: 201/201 MP: 26/26
 56152 | Vaults:3 | Noticed Mennas
 56195 | Vaults:3 | Killed Mennas
 56433 | Vaults:3 | Found a roughly hewn altar of Beogh.
 56444 | Vaults:3 | Reached skill level 5 in Spellcasting
 56553 | Vaults:3 | Received a gift from Okawaru
 56802 | Vaults:3 | Found a staircase to the Crypt.
 56953 | Vaults:3 | Noticed Frederick
 56977 | Vaults:3 | Killed Frederick
 57064 | Vaults:3 | Received a gift from Okawaru
 57130 | Vaults:3 | Received a gift from Okawaru
 57343 | Vaults:3 | Received a gift from Okawaru
 58309 | Vaults:4 | Reached XP level 22. HP: 211/211 MP: 32/32
 58789 | Vaults:4 | Received a gift from Okawaru
 59051 | Vaults:4 | Received a gift from Okawaru
 59321 | Vaults:4 | Found Kizosung's General Store.
 59428 | Vaults:4 | Received a gift from Okawaru
 60567 | Crypt:1  | Entered Level 1 of the Crypt
 60572 | Crypt:1  | Received a gift from Okawaru
 61114 | Crypt:1  | You fall through a shaft!
 61500 | Crypt:2  | Received a gift from Okawaru
 62402 | Crypt:3  | Entered Level 3 of the Crypt
 62406 | Crypt:3  | Found a staircase to the Tomb.
 62900 | Crypt:3  | Noticed a greater mummy
 62900 | Crypt:3  | Noticed a greater mummy
 62927 | Crypt:3  | Killed a greater mummy
 62927 | Crypt:3  | Reached XP level 23. HP: 211/222 MP: 34/36
 63147 | Crypt:3  | Noticed Khufu
 63350 | Crypt:3  | Noticed Jory
 63499 | Crypt:3  | Killed Jory
 63719 | Crypt:3  | Killed Khufu
 63719 | Crypt:3  | Received a gift from Okawaru
 63733 | Crypt:3  | Killed a greater mummy
 64434 | Crypt:3  | Reached skill level 10 in Spellcasting
 64516 | Crypt:3  | Received a gift from Okawaru
 64520 | Crypt:3  | Got a pair of crude gloves {god gift}
 64531 | Crypt:3  | Identified the +2 pair of gloves of the Past {SInv}
                  | (Okawaru gifted it to you on level 3 of the Crypt)
 64627 | Crypt:3  | Identified the Grimoire of Unholy Secrets
 64858 | Crypt:3  | Identified the +4 acid dragon scales "Emuru" {rF- rCorr
                  | Str+6 Dex+5} (You found it on level 3 of the Crypt)
 64984 | Vaults:5 | Entered Level 5 of the Vaults
 66814 | Vaults:5 | Received a gift from Okawaru
 67002 | Vaults:5 | Identified the +7 plate armour "Sapraw" {+Inv rPois Int+2
                  | Dex+2} (You found it on level 5 of the Vaults)
 67061 | Vaults:5 | Reached XP level 24. HP: 226/231 MP: 38/38
 67277 | Vaults:5 | Got a silver rune of Zot
 67618 | Vaults:5 | Got a pair of smoking gloves
 67619 | Vaults:5 | Identified the +0 pair of gloves "Engoz" {Regen+} (You
                  | acquired it on level 5 of the Vaults)
 67718 | Vaults:5 | Received a gift from Okawaru
 67806 | Vaults:5 | Received a gift from Okawaru
 67926 | Vaults:5 | Identified the +9 great mace of Qalinn {antimagic, +Inv rN+
                  | Str+2 Dex-3}
 68360 | Depths:1 | Entered Level 1 of the Depths
 68749 | Depths:1 | Received a gift from Okawaru
 68784 | Depths:1 | Paralysed by a great orb of eyes for 4 turns
 68869 | Depths:1 | Received a gift from Okawaru
 68988 | Depths:1 | Paralysed by a vampire knight for 2 turns
 69654 | Depths:1 | Identified the Catalogue of Spatial Augmentations
 69963 | Depths:1 | Reached XP level 25. HP: 239/242 MP: 38/39
 70010 | Depths:1 | Found Ovvaxit's Serpentskin Sales.
 70347 | Depths:2 | You fall through a shaft!
 70392 | Depths:3 | Noticed Margery
 70406 | Depths:3 | Killed Margery
 70708 | Depths:3 | Received a gift from Okawaru
 70714 | Depths:3 | Got a scorched centaur barding {god gift}
 70715 | Depths:3 | Identified the +3 centaur barding of the Prince {rElec rF-
                  | Int-3 Dex+9} (Okawaru gifted it to you on level 3 of the
                  | Depths)
 70933 | Depths:3 | Found a gateway to a ziggurat.
 71366 | Depths:4 | Noticed a greater mummy
 71375 | Depths:4 | Killed a greater mummy
 71444 | Depths:4 | Found the amulet of Vitality {Regen+ HP+15}
 71491 | Depths:4 | Noticed a greater mummy
 71505 | Depths:4 | Killed a greater mummy
 71736 | Depths:4 | Found a one-way gate to the infinite horrors of the Abyss.
 72423 | Depths:5 | Entered Level 5 of the Depths
 72467 | Depths:5 | Received a gift from Okawaru
 72667 | Depths:5 | Found a gate to the Realm of Zot.
 72850 | Depths:5 | Identified the +6 faerie dragon scales {rN+ rCorr HP+7}
 72850 | Depths:5 | Noticed the Enchantress
 72932 | Depths:5 | Received a gift from Okawaru
 72934 | Depths:5 | Reached XP level 26. HP: 146/256 MP: 24/41
 73364 | Depths:5 | Noticed Saint Roka
 73397 | Depths:5 | Killed Saint Roka
 73698 | Depths:5 | Found a runed translucent gate.
 73698 | Depths:5 | Found a runed translucent gate.
 73707 | Depths:5 | Noticed an ancient lich
 73710 | Depths:5 | Noticed Beacw's ghost (adept VSGl)
 73710 | Depths:5 | Found a runed translucent gate.
 74046 | Depths:5 | Killed Beacw's ghost
 74242 | Depths:5 | Killed an ancient lich
 74405 | Depths:5 | Got a pitted golden ring
 74485 | Zot:1    | Entered Level 1 of the Realm of Zot
 74514 | Zot:1    | Noticed Decrayps's ghost (veteran FeEn)
 74526 | Zot:1    | Found a transporter.
 74543 | Zot:1    | Found a transporter.
 74780 | Zot:1    | Received a gift from Okawaru
 74792 | Zot:1    | Identified the ring of Generosity {Fire Dex+4} (You found
                  | it on level 5 of the Depths)
 74793 | Zot:1    | Identified the +3 crystal plate armour of Athih {rElec}
                  | (You acquired it on level 1 of the Realm of Zot)
 75776 | Zot:2    | Reached skill level 1 in Invocations
 75784 | Zot:2    | Noticed an orb of fire
 75811 | Zot:2    | Killed an orb of fire
 76178 | Zot:2    | Reached skill level 5 in Invocations
 76333 | Zot:2    | Received a gift from Okawaru
 76987 | Zot:2    | Reached XP level 27. HP: 265/265 MP: 41/41
 77982 | Zot:3    | Noticed an orb of fire
 77990 | Zot:3    | Gained mutation: You are weak. (Str -2) [an orb of fire]
 77994 | Zot:3    | Gained mutation: You are dopey. (Int -2) [an orb of fire]
 77995 | Zot:3    | Killed an orb of fire
 78587 | Zot:4    | Reached skill level 10 in Invocations
 78617 | Zot:4    | Received a gift from Okawaru
 80243 | Zot:4    | Identified the +1 scale mail of Starshine {rN+} (Okawaru
                  | gifted it to you on level 4 of the Realm of Zot)
 80252 | Zot:5    | Entered Level 5 of the Realm of Zot
 80587 | Zot:5    | Noticed an orb of fire
 80594 | Zot:5    | Noticed an ancient lich
 80595 | Zot:5    | Gained mutation: You occasionally shout uncontrollably at
                  | your foes. [an orb of fire]
 80607 | Zot:4    | Killed an orb of fire
 80793 | Zot:5    | Received a gift from Okawaru
 80835 | Zot:5    | Received a gift from Okawaru
 80843 | Zot:5    | Identified the +13 crystal plate armour of Ethics {MR+
                  | Str-3 Int+4 Dex+5} (Okawaru gifted it to you on level 5 of
                  | the Realm of Zot)
 80878 | Zot:5    | Noticed an orb of fire
 80879 | Zot:5    | Gained mutation: You sometimes yell uncontrollably at your
                  | foes. [an orb of fire]
 80894 | Zot:5    | Gained mutation: You have supernaturally acute eyesight.
                  | (SInv) [an orb of fire]
 80897 | Zot:5    | Gained mutation: Your body sometimes deteriorates upon
                  | taking damage. [an orb of fire]
 80899 | Zot:5    | Killed an orb of fire
 80945 | Zot:5    | Lost mutation: You are dopey. (Int -2) [potion of mutation]
 80945 | Zot:5    | Lost mutation: Your body sometimes deteriorates upon taking
                  | damage. [potion of mutation]
 80945 | Zot:5    | Lost mutation: You sometimes yell uncontrollably at your
                  | foes. [potion of mutation]
 80945 | Zot:5    | Gained mutation: You have a pair of small horns on your
                  | head. [potion of mutation]
 80945 | Zot:5    | Gained mutation: You do not regenerate when monsters are
                  | visible. [potion of mutation]
 80945 | Zot:5    | Gained mutation: You are partially covered in slimy green
                  | scales. (AC +2) [potion of mutation]
 80946 | Zot:5    | Lost mutation: You occasionally shout uncontrollably at
                  | your foes. [potion of mutation]
 80946 | Zot:5    | Lost mutation: You have a pair of small horns on your head.
                  | [potion of mutation]
 80946 | Zot:5    | Lost mutation: You are weak. (Str -2) [potion of mutation]
 80946 | Zot:5    | Lost mutation: You do not regenerate when monsters are
                  | visible. [potion of mutation]
 80946 | Zot:5    | Gained mutation: You are resistant to hostile enchantments.
                  | (MR+) [potion of mutation]
 80946 | Zot:5    | Gained mutation: Your mind is acute. (Int +2) [potion of
                  | mutation]
 80946 | Zot:5    | Gained mutation: You have a pair of small antennae on your
                  | head. [potion of mutation]
 80946 | Zot:5    | Gained mutation: You evolve. [potion of mutation]
 80979 | Zot:5    | Noticed an ancient lich
 80994 | Zot:5    | Killed an ancient lich
 81005 | Zot:5    | Killed an ancient lich
 81260 | Zot:5    | Lost mutation: You are resistant to hostile enchantments.
                  | (MR+) [evolution]
 81322 | Zot:5    | Reached skill level 15 in Invocations
 81574 | Zot:5    | Noticed an ancient lich
 81591 | Zot:5    | Killed an ancient lich
 81591 | Zot:5    | Received a gift from Okawaru
 81595 | Zot:5    | Noticed an ancient lich
 81605 | Zot:5    | Killed an ancient lich
 81605 | Zot:5    | Received a gift from Okawaru
 81771 | Zot:5    | Received a gift from Okawaru
 81863 | Zot:5    | HP: 12/285 [Orb Guardian (7)]
 81863 | Zot:5    | Slain by an Orb Guardian

Skill      XL: |  1  2  3  4  5  6  7  8  9 10 11 12 13 14 15 16 17 18 19 20 21 22 23 24 25 26 27 |
---------------+----------------------------------------------------------------------------------+-----
Bows           | 6 7 9 11 13 15 17 18 19 21 22 23 24 26 27 | 27.0
Fighting       | 3 4 5 7 8 9 10 11 12 13 14 15 17 18 20 21 22 23 24 25 26 | 26.4
Armour         | 1 3 5 6 7 8 9 |  9.0
Dodging        | 2 4 5 6 8 10 11 12 13 15 16 17 18 19 20 21 | 21.5
Spellcasting   | 3 7 9 11 12 14 | 14.8
Invocations    | 7 15 | 15.8
Stealth        | |  0.4

Action                   |  1- 3 |  4- 6 |  7- 9 | 10-12 | 13-15 | 16-18 | 19-21 | 22-24 | 25-27 || total
-------------------------+-------+-------+-------+-------+-------+-------+-------+-------+-------++-------
Melee: Dagger            |    30 |       |       |       |       |       |       |       |       ||    30
       Unarmed           |    19 |       |       |       |       |       |       |       |       ||    19
       Kick              |    31 |    28 |    86 |    29 |       |     1 |       |       |       ||   175
       Short sword       |    88 |   144 |   313 |    77 |       |       |       |       |       ||   622
       Longbow           |       |       |       |       |       |     1 |       |       |     1 ||     2
 Fire: Shortbow          |     5 |    12 |    66 |  1246 |       |       |       |       |       ||  1329
       Longbow           |       |       |       |    86 |  1347 |  1574 |  1803 |  2058 |  2270 ||  9138
Evoke: Wand              |       |       |       |       |       |     1 |       |       |    10 ||    11
  Use: Scroll            |     4 |       |     6 |    16 |    13 |     9 |     7 |    13 |    21 ||    89
       Potion            |       |     3 |       |     8 |     2 |     1 |       |     2 |    16 ||    32
  Eat: Chunk             |     5 |     6 |     9 |    21 |    26 |    19 |    24 |    17 |    25 ||   152
       Ration            |       |       |     1 |     5 |     1 |     3 |       |     3 |     1 ||    14
Armor: Leather armour    |    33 |       |       |       |       |       |       |       |       ||    33
       Scale mail        |       |    75 |   155 |   161 |    27 |       |       |       |       ||   418
       Ring mail         |       |       |       |       |    60 |   344 |   143 |   250 |   312 ||  1109
Dodge: Dodged            |    43 |    37 |   104 |   157 |    60 |   506 |   377 |   665 |   995 ||  2944
